AoeStats
← Sid

Arabia

508608640Analyzed
2v2 RM · 8d ago on Sep 23, 2026· 60m 21s· 4 players
Game mode
Random Map
Map size
Medium (4 player)
Population
200
Speed
Normal
Resources
Standard
Victory
Conquest
Starting age
Dark Age
Ending age
Imperial Age
RankedLock teamsTeams togetherTeam positionsShared explorationLock speedFull tech treeHidden civsTurbo modeCheats
Victory
Defeat
🇮🇹 Magyars · Italy
1313
+14
🇮🇹 Varangians · Italy
1235
+18
🇯🇵 Saxons · Japan
1316
-18
🇯🇵 Varangians · Japan
1235
-14
Tattico87
7:13 Loom
7:58 Loom
9:49 Feudal Age
14:34 Forging
16:16 Bloodlines
19:34 Horse Collar
22:36 Castle Age
21:32 Scale Mail Armor
21:42 Gold Mining
22:04 Double-Bit Axe
24:26 Chain Mail Armor
24:46 Iron Casting
25:04 Wheelbarrow
26:45 Horse Collar
29:32 Heavy Plow
30:22 Hand Cart
33:59 Squires
34:30 Man-at-Arms
42:39 Imperial Age
43:11 Arson
44:50 Elite Varangian Guard
45:12 Capped Ram
47:52 Blast Furnace
46:43 Fletching
48:09 Gambesons
50:46 Plate Mail Armor
51:28 Pikeman
54:14 Stone Mining
53:52 Halberdier
57:05 Stone Shaft Mining
57:18 Husbandry
57:54 Scale Barding Armor
57:28 Cavalier
59:08 Vendel Legacy
60:08 Conscription
59:53 Gothikon
Nick
7:20 Loom
9:37 Feudal Age
18:38 Double-Bit Axe
24:14 Castle Age
22:00 Horse Collar
22:14 Gold Mining
23:30 Bloodlines
24:40 Scale Barding Armor
24:42 Scale Mail Armor
25:17 Husbandry
26:43 Gold Shaft Mining
27:14 Chain Barding Armor
28:36 Bow Saw
30:25 Wheelbarrow
29:36 Town Watch
30:30 Heavy Plow
36:20 Fletching
36:31 Padded Archer Armor
36:58 Hand Cart
36:43 Town Patrol
42:32 Imperial Age
40:34 Ballistics
41:46 Thumb Ring
42:15 Murder Holes
44:00 Heavy Cavalry Archer
45:06 Parthian Tactics
45:09 Conscription
46:07 Two-Man Saw
45:45 Recurve Bow
47:00 Chemistry
48:13 Coinage
Sid
6:14 Loom
8:49 Feudal Age
9:25 Double-Bit Axe
12:18 Horse Collar
19:26 Wheelbarrow
20:29 Forging
20:55 Bloodlines
22:48 Castle Age
22:41 Forging
22:37 Scale Barding Armor
22:23 Gold Mining
23:39 Bloodlines
25:33 Heavy Plow
27:58 Stone Mining
29:31 Chain Barding Armor
32:12 Iron Casting
32:37 Bow Saw
34:45 Fletching
35:29 Bodkin Arrow
35:58 Devotion
38:21 Hand Cart
42:46 Imperial Age
40:00 Light Cavalry
40:43 Husbandry
44:14 Plate Barding Armor
44:06 Conscription
44:43 Cavalier
46:25 Blast Furnace
44:55 Vendel Legacy
46:09 Hussar
49:12 Caravan
57:20 Two-Man Saw
fumin.jp
6:00 Loom
9:08 Feudal Age
9:18 Man-at-Arms
9:48 Double-Bit Axe
21:51 Castle Age
20:17 Scale Mail Armor
20:01 Horse Collar
20:36 Gold Mining
21:06 Padded Archer Armor
21:08 Scale Mail Armor
20:59 Arson
21:31 Forging
23:03 Bow Saw
23:41 Gold Shaft Mining
25:04 Squires
32:36 Heavy Plow
35:04 Chain Mail Armor
35:25 Iron Casting
44:48 Imperial Age
42:54 Wheelbarrow
43:31 Town Watch
45:02 Fletching
45:03 Elite Varangian Guard
47:14 Plate Mail Armor
55:07 Elite Skirmisher
58:19 Padded Archer Armor
60:11 Leather Archer Armor
Connection lost

Rejoining the realm…

Still unreachable

The connection could not be restored.

Session expired

The server has moved on; the page needs a fresh start.